ORI
UNIVERSITY OF MAINE BLACK BEARS @ OREGON STATE UNIVERSITY BEAVERS
10/20/2049
 
TOP OF THE 1ST
University of Maine Black Bears batting - Pitching for Oregon State University Beavers : RHP Dave Lupkoski
Pitching: RHP Dave Lupkoski
Batting: RHB Wang Huan 0-0: Ball
1-0: Ball
2-0: Ball
3-0: Called Strike
3-1: Foul Ball, location: 2F
3-2: Foul Ball, location: 2F
3-2: Strikes out swinging
Batting: LHB Dave Aguilar 0-0: Ball
1-0: Swinging Strike
1-1: Ball
2-1: Ball
3-1: Base on Balls
Batting: LHB Seung Pack 0-0: Ball
1-0: Ball
2-0: Called Strike
2-1: Called Strike
2-2: Ball
3-2: Strikes out looking
Batting: LHB Ed Leighton 0-0: Called Strike
0-1: Ball
1-1: Foul Ball, location: 2F
1-2: Ball
2-2: Foul Ball, location: 2F
2-2: Foul Ball, location: 2F
2-2: Strikes out swinging
Top of the 1st over - 0 runs, 0 hits, 0 errors, 1 left on base; University of Maine 0 - Oregon State University 0
BOTTOM OF THE 1ST
Oregon State University Beavers batting - Pitching for University of Maine Black Bears : RHP Tomoaki Sumi
Pitching: RHP Tomoaki Sumi
Batting: RHB Lionello Pancaldi 0-0: SINGLE (Groundball, 56D, EV 102.5 MPH)
Batting: LHB Pablo Fraga 0-0: Swinging Strike
0-1: Foul Ball, location: 2F
0-2: Strikes out swinging
Batting: RHB Luis Flores 0-0: Ball
Lionello Pancaldi steals 2nd base
1-0: Foul Ball, location: 2F
1-1: Ball
2-1: SINGLE (Flyball, 9S, EV 87.5 MPH)
Lionello Pancaldi to third
Batting: RHB Rafael Ventura 0-0: Foul Ball, location: 2F
0-1: Foul Ball, location: 2F
0-2: Ball
1-2: Ball
2-2: Fly out, F8 (Flyball, 89M, EV 93.8 MPH)
Runner from 3rd tags up, SCORES, throw by CF
Batting: SHB Jim Chute 0-0: Ball
1-0: Foul Ball, location: 2F
1-1: Ball
2-1: Ball
3-1: Called Strike
3-2: Fly out, F6 (Popup, 6M, EV 60.6 MPH)
Bottom of the 1st over - 1 run, 2 hits, 0 errors, 1 left on base; University of Maine 0 - Oregon State University 1
TOP OF THE 2ND
University of Maine Black Bears batting - Pitching for Oregon State University Beavers : RHP Dave Lupkoski
Batting: SHB Mario Barajas 0-0: Ball
1-0: Called Strike
1-1: Ground out 6-3 (Groundball, 6, EV 81.2 MPH)
Batting: LHB John Bergeron 0-0: Ball
1-0: Called Strike
1-1: Ball
2-1: Foul Ball, location: 2F
2-2: Strikes out swinging
Batting: RHB Tom Piersma 0-0: Called Strike
0-1: Ground out 6-3 (Groundball, 56, EV 100.0 MPH)
Top of the 2nd over - 0 runs, 0 hits, 0 errors, 0 left on base; University of Maine 0 - Oregon State University 1
BOTTOM OF THE 2ND
Oregon State University Beavers batting - Pitching for University of Maine Black Bears : RHP Tomoaki Sumi
Batting: LHB Jon Hamilton 0-0: Ball
1-0: Fly out, F7 (Flyball, 78M, EV 91.9 MPH)
Batting: LHB Jason Trevarrow 0-0: Foul Ball, location: 2F
0-1: Ball
1-1: Called Strike
1-2: Strikes out swinging
Batting: LHB Brock Darby 0-0: SINGLE (Groundball, 23, EV 68.8 MPH) (infield hit)
Batting: SHB Sosaia Apelahama 0-0: SINGLE (Groundball, 13, EV 83.8 MPH) (infield hit)
Brock Darby to second
Batting: RHB Lionello Pancaldi 0-0: SINGLE (Groundball, 6MD, EV 96.2 MPH)
Brock Darby to third
Sosaia Apelahama to second
Runner from 3rd tries for Home, throw by CF and OUT! 8-2
Bottom of the 2nd over - 0 runs, 3 hits, 0 errors, 2 left on base; University of Maine 0 - Oregon State University 1
TOP OF THE 3RD
University of Maine Black Bears batting - Pitching for Oregon State University Beavers : RHP Dave Lupkoski
Batting: RHB Justin Degon 0-0: Ground out 4-3 (Groundball, 34, EV 93.1 MPH)
Batting: RHB Pita Arnurna 0-0: Called Strike
0-1: Foul Ball, location: 2F
0-2: Strikes out looking
Batting: RHB Wang Huan 0-0: Hit by Pitch
Batting: LHB Dave Aguilar 0-0: Called Strike
Wang Huan steals 2nd base (no throw)
0-1: Ground out 4-3 (Groundball, 4, EV 76.2 MPH)
Top of the 3rd over - 0 runs, 0 hits, 0 errors, 1 left on base; University of Maine 0 - Oregon State University 1
BOTTOM OF THE 3RD
Oregon State University Beavers batting - Pitching for University of Maine Black Bears : RHP Tomoaki Sumi
Batting: LHB Pablo Fraga 0-0: Ground out 5-3 (Groundball, 25, EV 91.9 MPH)
Batting: RHB Luis Flores 0-0: Foul Ball, location: 2F
0-1: Ball
1-1: Ground out 3-1 (Groundball, 34S, EV 91.9 MPH)
Batting: RHB Rafael Ventura 0-0: Ball
1-0: Ball
2-0: Ball
3-0: Base on Balls
Batting: SHB Jim Chute 0-0: Ball
1-0: Ball
2-0: Ball
Rafael Ventura is caught stealing 2nd base 2-6
Bottom of the 3rd over - 0 runs, 0 hits, 0 errors, 0 left on base; University of Maine 0 - Oregon State University 1
TOP OF THE 4TH
University of Maine Black Bears batting - Pitching for Oregon State University Beavers : RHP Dave Lupkoski
Batting: LHB Seung Pack 0-0: Ball
1-0: Foul Ball, location: 2F
1-1: Swinging Strike
1-2: Strikes out swinging
Batting: LHB Ed Leighton 0-0: Swinging Strike
0-1: Ball
1-1: Called Strike
1-2: Ball
2-2: Foul Ball, location: 2F
2-2: Foul Ball, location: 2F
2-2: SINGLE (Line Drive, 4MD, EV 96.2 MPH)
Batting: SHB Mario Barajas 0-0: Fly out, F9 (Flyball, 89S, EV 88.8 MPH)
Batting: LHB John Bergeron 0-0: Ball
Ed Leighton steals 2nd, throwing error, E2
Ed Leighton to third
1-0: Ground out 4-3 (Groundball, 4, EV 80.0 MPH)
Top of the 4th over - 0 runs, 1 hit, 1 error, 1 left on base; University of Maine 0 - Oregon State University 1
BOTTOM OF THE 4TH
Oregon State University Beavers batting - Pitching for University of Maine Black Bears : RHP Tomoaki Sumi
Batting: SHB Jim Chute 0-0: Ball
1-0: SINGLE (Groundball, 4D, EV 105.0 MPH)
Batting: LHB Jon Hamilton 0-0: Foul Ball, location: 2F
0-1: Called Strike
0-2: Foul Ball, location: 2F
0-2: Strikes out swinging
Batting: LHB Jason Trevarrow 0-0: Ball
1-0: Called Strike
1-1: Foul Ball, location: 2F
1-2: Ball
2-2: Strikes out swinging
Batting: LHB Brock Darby 0-0: Foul Ball, location: 2F
0-1: Ball
1-1: Ground out U3 (Groundball, 3, EV 76.9 MPH)
Bottom of the 4th over - 0 runs, 1 hit, 0 errors, 1 left on base; University of Maine 0 - Oregon State University 1
TOP OF THE 5TH
University of Maine Black Bears batting - Pitching for Oregon State University Beavers : RHP Dave Lupkoski
Batting: RHB Tom Piersma 0-0: Called Strike
0-1: Called Strike
0-2: Ball
1-2: Foul Ball, location: 2F
1-2: Strikes out swinging
Batting: RHB Justin Degon 0-0: Ball
1-0: Called Strike
1-1: Ball
2-1: Foul Ball, location: 2F
2-2: Ground out 1-3 (Groundball, 34S, EV 71.9 MPH)
Batting: RHB Pita Arnurna 0-0: Ball
1-0: Called Strike
1-1: Swinging Strike
1-2: Ball
2-2: Strikes out swinging
Top of the 5th over - 0 runs, 0 hits, 0 errors, 0 left on base; University of Maine 0 - Oregon State University 1
BOTTOM OF THE 5TH
Oregon State University Beavers batting - Pitching for University of Maine Black Bears : RHP Tomoaki Sumi
Batting: SHB Sosaia Apelahama 0-0: Called Strike
0-1: Swinging Strike
0-2: Strikes out swinging
Batting: RHB Lionello Pancaldi 0-0: Swinging Strike
0-1: Called Strike
0-2: Ball
1-2: Strikes out looking
Batting: LHB Pablo Fraga 0-0: Ball
1-0: Foul Ball, location: 2F
1-1: Foul Ball, location: 2F
1-2: Foul Ball, location: 2F
1-2: Strikes out swinging
Bottom of the 5th over - 0 runs, 0 hits, 0 errors, 0 left on base; University of Maine 0 - Oregon State University 1
TOP OF THE 6TH
University of Maine Black Bears batting - Pitching for Oregon State University Beavers : RHP Dave Lupkoski
Batting: RHB Wang Huan 0-0: Swinging Strike
0-1: Ground out 5-3 (Groundball, 5, EV 83.1 MPH)
Batting: LHB Dave Aguilar 0-0: Called Strike
0-1: Ball
1-1: Foul Ball, location: 2F
1-2: Ground out 4-3 (Groundball, 34, EV 91.9 MPH)
Batting: LHB Seung Pack 0-0: Ground out 4-3 (Groundball, 4, EV 86.2 MPH)
Top of the 6th over - 0 runs, 0 hits, 0 errors, 0 left on base; University of Maine 0 - Oregon State University 1
BOTTOM OF THE 6TH
Oregon State University Beavers batting - Pitching for University of Maine Black Bears : RHP Tomoaki Sumi
Batting: RHB Luis Flores 0-0: Ball
1-0: Called Strike
1-1: SINGLE (Flyball, 8RS, EV 95.6 MPH)
Batting: RHB Rafael Ventura 0-0: Foul Ball, location: 2F
0-1: Swinging Strike
0-2: Ball
1-2: Fly out, F8 (Flyball, 8LM, EV 82.5 MPH)
Batting: SHB Jim Chute 0-0: Foul Ball, location: 2F
0-1: Ball
Pickoff Throw to First - Out! 1-3
1-1: Called Strike
1-2: Strikes out swinging
Bottom of the 6th over - 0 runs, 1 hit, 0 errors, 0 left on base; University of Maine 0 - Oregon State University 1
TOP OF THE 7TH
University of Maine Black Bears batting - Pitching for Oregon State University Beavers : RHP Dave Lupkoski
Pitching: LHP Fraser Braddock
Batting: LHB Ed Leighton 0-0: Ball
1-0: Called Strike
1-1: Foul Ball, location: 2F
1-2: Ball
2-2: Strikes out looking
Batting: SHB Mario Barajas 0-0: Called Strike
0-1: Ball
1-1: Foul Ball, location: 2F
1-2: Ball
2-2: Strikes out swinging
Batting: LHB John Bergeron 0-0: Ball
1-0: Called Strike
1-1: Ball
2-1: Ball
3-1: Called Strike
3-2: Foul Ball, location: 2F
3-2: Strikes out swinging
Top of the 7th over - 0 runs, 0 hits, 0 errors, 0 left on base; University of Maine 0 - Oregon State University 1
BOTTOM OF THE 7TH
Oregon State University Beavers batting - Pitching for University of Maine Black Bears : RHP Tomoaki Sumi
Pitching: RHP Ivano Benincasa
Batting: LHB Jon Hamilton 0-0: Swinging Strike
0-1: Swinging Strike
0-2: Strikes out swinging, 2-3 out at first.
Batting: LHB Jason Trevarrow 0-0: Ball
1-0: Ball
2-0: Ball
3-0: Called Strike
3-1: Foul Ball, location: 2F
3-2: Foul Ball, location: 2F
3-2: Strikes out looking
Batting: LHB Brock Darby 0-0: Called Strike
0-1: Ball
1-1: Ball
2-1: Fly out, F7 (Flyball, 7LD, EV 106.9 MPH)
Bottom of the 7th over - 0 runs, 0 hits, 0 errors, 0 left on base; University of Maine 0 - Oregon State University 1
TOP OF THE 8TH
University of Maine Black Bears batting - Pitching for Oregon State University Beavers : LHP Fraser Braddock
Batting: RHB Tom Piersma 0-0: Ball
1-0: Fly out, F7 (Flyball, 7, EV 91.2 MPH)
Batting: RHB Justin Degon 0-0: Called Strike
0-1: Called Strike
0-2: Ball
1-2: Strikes out looking
Batting: RHB Pita Arnurna 0-0: Called Strike
0-1: Foul Ball, location: 2F
0-2: Strikes out swinging
Top of the 8th over - 0 runs, 0 hits, 0 errors, 0 left on base; University of Maine 0 - Oregon State University 1
BOTTOM OF THE 8TH
Oregon State University Beavers batting - Pitching for University of Maine Black Bears : RHP Ivano Benincasa
Batting: SHB Sosaia Apelahama 0-0: Ball
1-0: Ball
2-0: Ground out U3 (Groundball, 34S, EV 75.6 MPH)
Batting: RHB Lionello Pancaldi 0-0: Called Strike
0-1: Ball
1-1: Ball
2-1: Swinging Strike
2-2: Ball
3-2: Foul Ball, location: 2F
3-2: Strikes out swinging, 2-3 out at first.
Batting: LHB Pablo Fraga 0-0: Ball
1-0: Foul Ball, location: 2F
1-1: Fly out, F7 (Flyball, 7, EV 90.0 MPH)
Bottom of the 8th over - 0 runs, 0 hits, 0 errors, 0 left on base; University of Maine 0 - Oregon State University 1
TOP OF THE 9TH
University of Maine Black Bears batting - Pitching for Oregon State University Beavers : LHP Fraser Braddock
Pitching: RHP Sun-dong Pak
Now at 1B: Kyle McCunn
Batting: RHB Wang Huan 0-0: Ball
1-0: Called Strike
1-1: Swinging Strike
1-2: Ball
2-2: Ball
3-2: Ground out 5-3 (Groundball, 56, EV 98.8 MPH)
Batting: LHB Dave Aguilar 0-0: Called Strike
0-1: Foul Ball, location: 2F
0-2: SINGLE (Line Drive, 9S, EV 95.0 MPH)
Batting: LHB Seung Pack 0-0: Called Strike
0-1: Ball
1-1: SINGLE (Groundball, 34S, EV 76.9 MPH) (infield hit)
Dave Aguilar to second
Batting: LHB Ed Leighton 0-0: Ball
1-0: Called Strike
1-1: Ball
2-1: Ground out 4-3 (Groundball, 34D, EV 105.6 MPH)
Dave Aguilar to third
Seung Pack to second
Batting: SHB Mario Barajas 0-0: Called Strike
0-1: Foul Ball, location: 2F
0-2: Foul Ball, location: 2F
0-2: Ball
1-2: Ground out 3-1 (Groundball, 34S, EV 89.4 MPH)
Top of the 9th over - 0 runs, 2 hits, 0 errors, 2 left on base; University of Maine 0 - Oregon State University 1
Sunday, July 16th , 2023 - OOTP Baseball 24.6 Build 69